 Dungeon Crawl Stone Soup version 0.30-a0-141-g30f27751c5 (webtiles) character file.

Game seed: 9005747506005995042

98829 MirrMurr the Marksspriggan (level 15, -13/79 HPs)
             Began as a Spriggan Hunter on Sept 25, 2022.
             Was the Champion of Okawaru.
             Killed from afar by an eleionoma (40 damage)
             ... with a spray of wooden splinters
             ... on level 2 of the Swamp.
             The game lasted 01:47:25 (51219 turns).

MirrMurr the Marksspriggan (Spriggan Hunter)       Turns: 51219, Time: 01:47:25

Health: -13/79     AC: 12    Str:  7    XL:     15   Next: 76%
Magic:  25/25      EV: 31    Int: 12    God:    Okawaru [******]
Gold:   2147       SH:  9    Dex: 25    Spells: 14/14 levels left

rFire   . . .      SeeInvis +    a - +5 hand crossbow "Zesik" {vorpal, rPois}
rCold   . . .      Faith    +    Q - +1 buckler {AC+3}
rNeg    + . .      Spirit   .    H - +0 acid dragon scales
rPois   +          Reflect  .    m - +1 hat
rElec   +          Harm     .    z - scarf {repulsion}
rCorr   +          Rampage  .    (gloves unavailable)
Will    ++...                    (boots unavailable)
Stlth   ++++++....               f - amulet of faith
HPRegen 0.23/turn                n - +4 ring of evasion
MPRegen 0.19/turn                I - ring "Qoutweme" {Drain rElec rPois rN+ rCorr}

@: studying Conjurations, repel missiles, very quick
A: very small, no large weapons, unfitting armour, see invisible, speed 3
a: Renounce Religion, Heroism, Finesse, Duel


You were on level 2 of the Swamp.
You worshipped Okawaru.
Okawaru was exalted by your worship.
You visited 5 branches of the dungeon, and saw 25 of its levels.
You also visited: Sewer and Gauntlet.

You collected 2685 gold pieces.
You spent 538 gold pieces at shops.

Inventory:

Hand Weapons
 a - the +5 hand crossbow "Zesik" (weapon) {vorpal, rPois}
   (Okawaru gifted it to you on level 2 of the Orcish Mines)

   Any ammunition fired from it inflicts extra damage upon your enemies.
   rPois:     It protects you from poison.
 b - a +4 dagger
Missiles
 j - 160 stones
 r - 23 boomerangs
 u - 41 poisoned darts
 K - 2 throwing nets
 R - 3 curare-tipped darts
Armour
 m - a +1 hat (worn)
 z - a scarf of repulsion (worn)
 C - a +0 cloak
 H - +0 acid dragon scales (worn)
 Q - a +1 buckler of protection (worn)
Jewellery
 f - an amulet of faith (around neck)
 n - a +4 ring of evasion (left hand)
 w - a ring of fire
 I - the ring "Qoutweme" (right hand) {Drain rElec rPois rN+ rCorr}
   (You found it on level 10 of the Dungeon)

   [ring of positive energy]

   rElec:     It insulates you from electricity.
   rPois:     It protects you from poison.
   rN:        It protects you from negative energy.
   rCorr:     It protects you from acid and corrosion.
   Drain:     It drains your maximum health when unequipped.
Wands
 c - a wand of roots (18)
 A - a wand of flame (26)
 D - a wand of mindburst (20)
 E - a wand of digging (9)
 O - a wand of light (18)
Scrolls
 g - 3 scrolls of poison
 i - 11 scrolls of identify
 p - 3 scrolls of silence
 s - 6 scrolls of immolation
 t - 6 scrolls of teleportation
 y - 4 scrolls of vulnerability
 B - 3 scrolls of magic mapping
 F - 3 scrolls of enchant weapon
 J - 2 scrolls of fear
 P - 5 scrolls of blinking
Potions
 d - 13 potions of curing
 e - 5 potions of brilliance
 h - 3 potions of magic
 k - 8 potions of flight
 l - 3 potions of cancellation
 o - 8 potions of might
 q - 4 potions of lignification
 v - 2 potions of ambrosia
 x - 4 potions of invisibility
 G - a potion of resistance
 L - 3 potions of berserk rage
 M - 4 potions of heal wounds
 N - 5 potions of mutation


   Skills:
 - Level 9.2 Fighting
 - Level 16.0 Ranged Weapons
 - Level 10.0 Armour
 - Level 12.7 Dodging
 - Level 13.8 Stealth
 + Level 3.1 Shields
 - Level 12.0 Invocations


You had 14 spell levels left.
You didn't know any spells.
Your spell library contained the following spells:

 Spells                   Type           Power      Damage    Failure   Level
 Magic Dart               Conj           0%         1d3       73%         1
 Sandblast                Erth           0%         2d4       73%         1
 Sting                    Tmut/Pois      0%         1d3       73%         1
 Passwall                 Tmut/Erth      0%         N/A       86%         2
 Poisonous Vapours        Pois/Air       0%         N/A       86%         2
 Scorch                   Fire           0%         2d5       86%         2
 Dazzling Flash           Conj/Hex       0%         N/A       97%         3
 Mephitic Cloud           Conj/Pois/Air  0%         N/A       97%         3
 Ozocubu's Armour         Ice            0%         N/A       97%         3
 Stone Arrow              Conj/Erth      0%         3d7       97%         3
 Flame Wave               Conj/Fire      0%         2d4       100%        4
 Olgreb's Toxic Radiance  Pois           0%         N/A       100%        4
 Borgnjor's Vile Clutch   Necr/Erth      0%         N/A       100%        5
 Irradiate                Conj/Tmut      0%         3d11      100%        5
 Metabolic Englaciation   Hex/Ice        0%         N/A       100%        5
 Orb of Destruction       Conj           0%         9d5       100%        7
 Call Imp                 Summ           Unusable   N/A       N/A         2
 Animate Dead             Necr           Unusable   N/A       N/A         4
 Death Channel            Necr           Unusable   N/A       N/A         6
 Simulacrum               Ice/Necr       Unusable   N/A       N/A         6
 Summon Cactus Giant      Summ           Unusable   N/A       N/A         6

Dungeon Overview and Level Annotations

Branches:
Dungeon (15/15)            Temple (1/1) D:5            Lair (5/5) D:8
  Swamp (2/4) Lair:2       Spider (0/4) Lair:3          Orc (2/2) D:11
    Elf (0/3) Orc:2        Vaults (0/5) D:13         Depths (0/4) D:15
  Sewer (visited)         Gauntlet (visited)
  Slime: Lair:4-5

Altars:
Ashenzari
Cheibriados
Dithmenos
Elyvilon
Fedhas
Gozag
Hepliaklqana
Kikubaaqudgha
Makhleb
Nemelex Xobeh
Okawaru
Qazlal
Ru
Sif Muna
Trog
Uskayaw
Vehumet
Wu Jian
Xom
Yredelemnul
Zin
The Shining One
Jiyva

Shops:
Orc:1 (   Orc:2 [?[?

Annotations:
D:2 ., Sigmund
D:13 3 runed translucent doors, dazg's ghost, journeyman SpEn
Lair:4 exclusion: 2 oklob plants
Orc:1 1 transporter


Innate Abilities, Weirdness & Mutations

You are very small and have problems with some larger weapons.
You are too small for most types of armour.
You have supernaturally acute eyesight. (SInv)
You cover ground extremely quickly. (Speed+++)


Message History

The eleionoma is lightly wounded.
You shoot a bolt. The bolt hits the eleionoma!
The eleionoma is moderately wounded.
You shoot a bolt. The bolt closely misses the eleionoma.
You shoot a bolt. The bolt barely misses the eleionoma.
Found a leather armour.
The eleionoma flows through the trees.
You shoot a bolt. The bolt hits the eleionoma!
The eleionoma is moderately wounded.
You block the eleionoma's attack.
You enter the shallow water.
Moving in this stuff is going to be slow.
The eleionoma flows through the trees.
The eleionoma hurls a spray of splinters at you.
The spray of wooden splinters hits you!
The eleionoma hurls a spray of splinters at you.
The spray of wooden splinters hits you!!
You are too injured to fight recklessly!
You are too injured to fight recklessly!
A tyrant leech comes into view.
The eleionoma flows through the trees.
Unknown command.
The eleionoma attacks as you move away! The eleionoma hits you.
You are too injured to fight recklessly!
Unknown command.
Fire: a) +5 hand crossbow "Zesik" {vorpal, rPois}
Press: ? - help, Q - select action, (/) - cycle Shift-Dir - straight line, f/p - eleionoma
Aim: an eleionoma (moderately wounded, 77% to hit)
You shoot a bolt. The bolt hits the eleionoma!!
The eleionoma is almost dead.
The eleionoma hurls a spray of splinters at you.
The spray of wooden splinters hits you!
Okay, then.
Fire: a) +5 hand crossbow "Zesik" {vorpal, rPois}
Press: ? - help, Q - select action, (/) - cycle Shift-Dir - straight line, f/p - eleionoma
Aim: an eleionoma (almost dead, 77% to hit)
You shoot a bolt. The bolt barely misses the eleionoma.
The eleionoma hurls a spray of splinters at you.
The spray of wooden splinters hits you!!!
Ouch! That really hurt!
You die...

~~~.~~~~~~.♣♣~..~~.♣
.~....§~~~.♣♣..♣.~.♣
~♣♣~..~~..♣♣♣.^....♣
.....~~~†♣........♣
~~~...♣~..~§~~~~~.♣♣
~~§~..♣~.~~~§~~~~~~♣
~~.~.~..~~~~~~~..♣
..~~~.........~~.♣
..§.~~..♣♣...R@..♣
.♣♣~~~~.♣~.~~.~.♣♣
♣♣~~~~♣♣~.~~w~.♣
♣~♣♣♣♣♣♣♣§~~~.♣ [~
♣~~~§~♣ .~§~~.♣
..§~..♣♣ ♣♣~...♣♣


You could see an eleionoma and a tyrant leech.

Vanquished Creatures
  Rupert (Lair:4)
  Kirke (D:15)
  A bunyip (Swamp:2)
  An ettin (Orc:2)
  12 hydras
  3 catoblepae
  3 ogre magi
  5 centaur warriors
  12 two-headed ogres
  3 boulder beetles
  7 death yaks
  6 tengu warriors
  A deep troll shaman (Lair:5)
  6 skeletal warriors
  3 deep trolls
  A goliath frog (Swamp:1)
  2 bog bodies (Swamp:1)
  A tengu zombie (D:15)
  A shadow dragon zombie (D:15)
  A necromancer (D:15)
  An orc knight (D:15)
  2 deep elf pyromancers
  A phantasmal warrior (D:15)
  7 cyclopes
  An orc sorcerer (Orc:1)
  17 ugly things
  A frost giant zombie (D:15)
  2 manticores
  5 black mambas
  A frost giant skeleton (D:15)
  10 elephants
  2 gargoyles
  10 cane toads
  5 rime drakes
  2 unseen horrors (D:10)
  A yaktaur (D:15)
  2 efreet (D:15)
  12 komodo dragons
  3 tengu conjurers
  11 trolls
  2 tyrant leeches (Swamp:2)
  2 bloated husks (Swamp:1)
  A meliai (Lair:3)
  Prince Ribbit (D:5)
  A raiju (shapeshifter) (D:13)
  7 slime creatures
  5 polar bears
  7 blink frogs
  2 shadows
  2 wraiths
  A vampire (D:8)
  2 hogs (D:15)
  12 wyverns
  A centaur simulacrum (D:14)
  29 yaks
  Eustachio (D:7)
  10 basilisks
  5 humans (D:15)
  4 vampire mosquitoes
  5 wargs
  11 swamp worms
  Edmund (D:5)
  4 acid dragons
  11 water moccasins
  2 swamp drakes (Swamp:1)
  10 orc warriors
  A sky beast (D:7)
  An ice beast (D:7)
  2 black bears
  21 ogres
  13 centaurs
  13 wolves
  3 phantoms
  3 kobold brigands
  14 bullfrogs
  5 necrophages
  A scorpion (D:7)
  2 gnoll sergeants
  8 wights
  11 killer bees
  2 electric eels
  6 howler monkeys
  2 jellies
  9 orc priests
  A gnoll bouda (D:4)
  4 hounds
  Crazy Yiuf (D:6)
  An iguana (D:7)
  16 orc wizards
  Terence (D:2)
  7 hell rats
  14 gnolls
  9 adders
  10 river rats (Lair:5)
  A shadow imp (D:8)
  A white imp (D:6)
  5 worms
  55 orcs
  8 endoplasms
  3 giant cockroaches
  10 goblins
  8 hobgoblins
  2 jackals (Sewer)
  12 kobolds
  8 quokkas
  8 ball pythons
  9 bats
  4 frilled lizards
  16 rats
  2 butterflies (Lair:3)
639 creatures vanquished.

Vanquished Creatures (others)
  A wraith (D:12)
  An orc priest (D:9)
  An orc (D:9)
  A bush (D:12)
  46 fungi
  61 plants
  12 withered plants (D:15)
123 creatures vanquished.

Grand Total: 762 creatures vanquished

Notes
Turn   | Place    | Note
-------+----------+-------------------------------------------
     0 | D:1      | MirrMurr the Spriggan Hunter began the quest for the Orb.
     0 | D:1      | Reached XP level 1. HP: 10/10 MP: 2/2
   337 | D:1      | Reached XP level 2. HP: 14/14 MP: 3/3
   363 | D:1      | Found a faded altar of an unknown god.
   961 | D:2      | Found a blossoming altar of Fedhas.
  1200 | D:1      | Found a faded altar of an unknown god.
  2043 | D:2      | Reached XP level 3. HP: 18/18 MP: 4/4
  2201 | D:2      | Noticed Sigmund
  2270 | D:2      | Noticed Terence
  2545 | D:2      | Killed Terence
  2546 | D:2      | Reached skill level 5 in Ranged Weapons
  2546 | D:2      | Reached XP level 4. HP: 18/22 MP: 5/5
  3075 | D:3      | Reached XP level 5. HP: 25/25 MP: 6/6
  3280 | D:3      | Found a sacrificial altar of Ru.
  3309 | D:3      | Found a glowing drain.
  3318 | Sewer    | Entered a sewer
  3645 | Sewer    | Reached skill level 6 in Ranged Weapons
  3645 | Sewer    | Reached XP level 6. HP: 30/30 MP: 7/7
  3695 | Sewer    | Found a glowing silver altar of Zin.
  4053 | D:4      | Reached skill level 5 in Dodging
  4053 | D:4      | Reached skill level 5 in Stealth
  4118 | D:4      | Found a burning altar of Makhleb.
  4383 | D:4      | Found a shimmering blue altar of Sif Muna.
  4403 | D:4      | Reached XP level 7. HP: 21/33 MP: 8/8
  4918 | D:5      | Entered Level 5 of the Dungeon
  5364 | D:5      | Reached skill level 7 in Ranged Weapons
  5945 | D:5      | Noticed Edmund
  6062 | D:5      | Killed Edmund
  6063 | D:5      | Reached XP level 8. HP: 37/37 MP: 9/9
  6095 | D:5      | Reached skill level 8 in Ranged Weapons
  6219 | D:5      | Found a staircase to the Ecumenical Temple.
  6225 | Temple   | Entered the Ecumenical Temple
  6380 | Temple   | Became a worshipper of Warmaster Okawaru
  6921 | D:6      | Reached * piety under Okawaru
  7013 | D:6      | Found a hazy altar of Hepliaklqana.
  7076 | D:6      | Noticed Eustachio
  7126 | D:6      | Noticed Prince Ribbit
  7332 | D:5      | Killed Prince Ribbit
  7333 | D:5      | Reached skill level 9 in Ranged Weapons
  7899 | D:6      | Found a shadowy altar of Dithmenos.
  8071 | D:6      | Found a runed translucent door.
  8072 | D:6      | Noticed Crazy Yiuf
  8181 | D:6      | Killed Crazy Yiuf
  8182 | D:6      | Reached XP level 9. HP: 41/41 MP: 10/10
  8485 | D:7      | Reached ** piety under Okawaru
  8798 | D:7      | Found a bloodstained altar of Trog.
  8819 | D:7      | Reached skill level 10 in Ranged Weapons
  8821 | D:7      | Reached skill level 10 in Stealth
  8999 | D:7      | Killed Eustachio
  9482 | D:8      | Found an ornate altar of the Wu Jian Council.
  9945 | D:7      | Reached *** piety under Okawaru
  9996 | D:7      | Found a bloodstained altar of Trog.
 10460 | D:8      | Reached skill level 11 in Ranged Weapons
 10661 | D:8      | Found a staircase to the Lair.
 11047 | D:8      | Reached skill level 10 in Dodging
 11117 | D:8      | Found an opulent altar of Gozag.
 11381 | D:8      | Found a snail-covered altar of Cheibriados.
 11422 | D:8      | Reached XP level 10. HP: 46/46 MP: 11/11
 11482 | D:8      | Reached **** piety under Okawaru
 11613 | D:9      | Found a hide-covered altar of Uskayaw.
 13073 | D:8      | Reached skill level 12 in Ranged Weapons
 14106 | D:8      | Reached ***** piety under Okawaru
 14458 | D:8      | Reached skill level 13 in Ranged Weapons
 15320 | D:9      | Got the Atlas of Pestilent Blasting
 15372 | D:10     | Entered Level 10 of the Dungeon
 15616 | D:10     | Received a gift from Okawaru
 15898 | D:10     | Reached skill level 14 in Ranged Weapons
 15934 | D:10     | Identified the ring "Qoutweme" {Drain rElec rPois rN+
                  | rCorr}
 15978 | D:10     | Noticed a two-headed ogre
 16008 | D:10     | Killed a two-headed ogre
 16196 | D:10     | Reached XP level 11. HP: 49/49 MP: 12/12
 16806 | D:11     | Found a staircase to the Orcish Mines.
 17281 | D:11     | Reached skill level 15 in Ranged Weapons
 17825 | D:11     | Found a bloodstained altar of Trog.
 18179 | Lair:1   | Entered Level 1 of the Lair of Beasts
 18815 | Lair:1   | Noticed a death yak
 18938 | Lair:1   | Killed a death yak
 18938 | Lair:1   | Reached ****** piety under Okawaru
 18938 | Lair:1   | Identified the +9 storm dragon scales "Girorr" {rElec rF+
                  | Int-3 SInv} (Okawaru gifted it to you on level 1 of the
                  | Lair of Beasts)
 18938 | Lair:1   | Received a gift from Okawaru
 18939 | Lair:1   | Reached skill level 1 in Invocations
 19235 | Lair:2   | Reached skill level 1 in Armour
 19365 | Lair:2   | Reached skill level 16 in Ranged Weapons
 19465 | Lair:2   | Found a basalt altar of Yredelemnul.
 20275 | Lair:2   | Noticed a six-headed hydra
 20280 | Lair:2   | Noticed a seven-headed hydra
 20376 | Lair:2   | Killed a seven-headed hydra
 20601 | Lair:2   | Killed a six-headed hydra
 20645 | Lair:2   | Reached XP level 12. HP: 52/53 MP: 16/16
 20698 | Lair:2   | Found a staircase to the Swamp.
 20743 | Lair:3   | Found a hole to the Spider Nest.
 21258 | Lair:1   | Reached skill level 5 in Invocations
 21265 | Lair:1   | Noticed a death yak
 21265 | Lair:1   | Noticed a death yak
 21344 | Lair:1   | Killed a death yak
 21438 | Lair:1   | Killed a death yak
 21646 | Lair:3   | Noticed a seven-headed hydra
 21670 | Lair:3   | Killed a seven-headed hydra
 21716 | Lair:3   | Identified the +1 buckler of the Catamount {rN+} (Okawaru
                  | gifted it to you on level 3 of the Lair of Beasts)
 21716 | Lair:3   | Received a gift from Okawaru
 21891 | Lair:3   | Reached skill level 5 in Armour
 22146 | Lair:3   | Noticed a seven-headed hydra
 22154 | Lair:3   | Killed a seven-headed hydra
 22407 | Lair:3   | Noticed a four-headed hydra
 23049 | Lair:3   | Killed a four-headed hydra
 23375 | Lair:4   | Noticed a boulder beetle
 24093 | Lair:4   | Noticed a boulder beetle
 24279 | Lair:4   | Found a viscous altar of Jiyva.
 24411 | Lair:3   | Received a gift from Okawaru
 24614 | Lair:4   | Reached XP level 13. HP: 47/59 MP: 20/20
 24881 | Lair:4   | Noticed Rupert
 25597 | Lair:4   | Paralysed by Rupert for 2 turns
 25690 | Lair:4   | Killed Rupert
 26101 | Lair:4   | Found a viscous altar of Jiyva.
 26224 | Lair:5   | Entered Level 5 of the Lair of Beasts
 27601 | Lair:5   | Received a gift from Okawaru
 28720 | Lair:5   | Reached skill level 10 in Invocations
 29217 | Lair:5   | Reached skill level 5 in Fighting
 32586 | Lair:5   | Identified the +2 hat of Istruismi {-Tele rN+++ Regen+}
                  | (Okawaru gifted it to you on level 5 of the Lair of Beasts)
 32586 | Lair:5   | Received a gift from Okawaru
 32587 | Lair:5   | Reached XP level 14. HP: 70/70 MP: 23/23
 32616 | Lair:5   | Found the +8 longbow "Zephyr" {speed, Dex+3 SInv}
 33249 | D:12     | Found a gate leading to a gauntlet.
 33266 | Gauntlet | Entered a Gauntlet
 33266 | Gauntlet | Found a transporter.
 33333 | Gauntlet | Found a transporter.
 33336 | Gauntlet | Found a transporter.
 33337 | Gauntlet | Found a transporter.
 33348 | Gauntlet | Found a transporter.
 33349 | Gauntlet | Found a transporter.
 33353 | Gauntlet | Found a runed translucent door.
 33353 | Gauntlet | Found a transporter.
 33357 | Gauntlet | Found a transporter.
 33360 | Gauntlet | Found a transporter.
 33361 | Gauntlet | Found a transporter.
 33369 | Gauntlet | Found a transporter.
 33369 | Gauntlet | Found a runed translucent door.
 33372 | Gauntlet | Found a transporter.
 33373 | Gauntlet | Found a transporter.
 33382 | Gauntlet | Found a transporter.
 33631 | D:12     | Found a blossoming altar of Fedhas.
 36307 | D:13     | Found a runed translucent gate.
 36307 | D:13     | Found a runed translucent gate.
 36307 | D:13     | Found a runed translucent gate.
 36466 | D:13     | HP: 3/70 [centaur warrior/arrow (3)]
 37943 | D:12     | Found a blossoming altar of Fedhas.
 39993 | D:13     | Noticed dazg's ghost (journeyman SpEn)
 40461 | D:13     | Received a gift from Okawaru
 40790 | D:13     | Found a gate to the Vaults.
 40891 | D:13     | Found a gate to the Vaults.
 45063 | D:14     | Found an iron altar of Okawaru.
 45403 | D:15     | Entered Level 15 of the Dungeon
 45479 | D:14     | Received a gift from Okawaru
 46082 | D:15     | Reached XP level 15. HP: 54/77 MP: 25/25
 46928 | D:15     | Found a staircase to the Depths.
 47000 | D:15     | Reached skill level 10 in Armour
 47544 | D:15     | Noticed Kirke
 47572 | D:15     | Killed Kirke
 48444 | Orc:1    | Entered Level 1 of the Orcish Mines
 48444 | Orc:1    | Found Amoupp's Antique Weapon Emporium.
 48532 | Orc:1    | Found a transporter.
 48884 | Orc:2    | Entered Level 2 of the Orcish Mines
 48995 | Orc:2    | Found Wirchoese's Antique Armour Boutique.
 49027 | Orc:2    | Received a gift from Okawaru
 49347 | Orc:2    | Identified the +4 sling of Asheceoc {freeze, Fragile rF+
                  | Will+} (Okawaru gifted it to you on level 2 of the Orcish
                  | Mines)
 49347 | Orc:2    | Received a gift from Okawaru
 49907 | Orc:2    | Found Zeguokh's Armour Boutique.
 49908 | Orc:2    | Found Byq Lidole's Magic Scroll Shoppe.
 49933 | Orc:2    | Found Qaocipti's Magic Scroll Shop.
 50049 | Orc:2    | Identified the +5 hand crossbow "Zesik" {vorpal, rPois}
                  | (Okawaru gifted it to you on level 2 of the Orcish Mines)
 50049 | Orc:2    | Received a gift from Okawaru
 50081 | Orc:2    | Found a staircase to the Elven Halls.
 50231 | Orc:2    | Bought a scroll of blinking for 97 gold pieces
 50231 | Orc:2    | Bought a scroll of blinking for 97 gold pieces
 50231 | Orc:2    | Bought a scroll of teleportation for 39 gold pieces
 50236 | Orc:2    | Bought a scroll of blinking for 127 gold pieces
 50236 | Orc:2    | Bought a scroll of blinking for 127 gold pieces
 50236 | Orc:2    | Bought a scroll of teleportation for 51 gold pieces
 50361 | Swamp:1  | Entered Level 1 of the Swamp
 50383 | Swamp:1  | Reached skill level 1 in Shields
 51219 | Swamp:2  | Killed from afar by an eleionoma

Illustrated notes

Levels and vault maps discovered:
D:1:      dpeg_arrival_tiny_b, layout_basic, hellmonk_ecumenical_altar_blasted,
          minivault_11, minmay_stone_trees_small
D:2:      layout_rooms, basic_altar, chequers_hall_statues_y, uniq_sigmund,
          uniq_terence
D:3:      layout_rooms, nicolae_ru_path_of_blood, portal_sewer_entry_d
D:4:      layout_basic, makhleb_heckhound_becter, nicolae_sif_muna_condensation
D:5:      layout_cave_pools, minmay_temple_entry_enclosed_plants, uniq_edmund
D:6:      layout_cave_pools, nicolae_dithmenos_the_darkroom,
          mainiacjoe_overflow_surrounded_room, nicolae_sextant,
          dk_noncrumbling_2, feat_on_display, uniq_prince_ribbit1,
          uniq_eustachio, uniq_crazy_yiuf_cottage
D:7:      layout_gridville, mainiacjoe_overflow_alcove_2
D:8:      layout_basic, lemuel_coloured_pillars_altar,
          nicolae_gozag_cash_rules_everything_around_me, lemuel_crystal_altar,
          erik_lair_orcish_takeover, enter_bailey_5
D:9:      cheibrodos_helix_gallery, layout_rooms,
          mainiacjoe_overflow_small_starburst
D:10:     layout_roguey, minivault_4, st_stairs_12, fountainhead
D:11:     layout_cave_pools, orc_david_3, tgw_trog
D:12:     layout_loops_cross, gauntlet_entry_generic,
          fedhas_bush_and_centaur_altar
D:13:     layout_irregular_city, david_vaults_4, gammafunk_ghost_split,
          grunt_potential
D:14:     layout_loops_corners, basic_altar
D:15:     gammafunk_depths_entry_grave, layout_loops_ring,
          minmay_misc_feat_enclosed, uniq_kirke
Temple:   hellmonk_temple_flake
Lair:1:   layout_chaotic_city
Lair:2:   layout_regular_city, palyth_hydra_swamp_entry, basic_altar,
          grunt_megastairs_2, infiniplex_staircase_pool_2
Lair:3:   layout_roguey [special_room_mythical_zoo],
          hellmonk_spider_entry_not_the_bees, st_stairs_3, lemuel_fruit_fields
Lair:4:   layout_hall_layers, minmay_slime_entry_oklob_enclosed,
          grunt_forest_small_clearing_treed, uniq_rupert
Lair:5:   grunt_lair_end_beastmaster, layout_regular_city, kennysheep_rathole
Swamp:1:  layout_basic_swamp, serial_swamp_ruin, evilmike_swamp_ruin_wall,
          evilmike_swamp_ruin_house_5, infiniplex_staircase_pool
Swamp:2:  nicolae_swamp_secret_spriggan_hideout, layout_basic_swamp, basic_altar
Orc:1:    emtedronai_trogs_sanctum, layout_caves, serial_shops,
          nicolae_square_shop
Orc:2:    st_orc_open, layout_caves, basic_altar, nicolae_orc_rich_vein

Skill      XL: |  1  2  3  4  5  6  7  8  9 10 11 12 13 14 15 |
---------------+----------------------------------------------+-----
Stealth        | 2 3 4 5 7 9 10 11 13 | 13.8
Dodging        | 3 4 5 6 8 10 11 12 | 12.7
Ranged Weapons | 5 6 7 9 11 14 16 | 16.0
Invocations    | 4 8 10 12 | 12.0
Armour         | 3 6 8 9 10 | 10.0
Fighting       | 2 6 8 9 |  9.2
Shields        | 3 |  3.1

Action                   |  1- 3 |  4- 6 |  7- 9 | 10-12 | 13-15 || total
-------------------------+-------+-------+-------+-------+-------++-------
 Fire: Shortbow          |   112 |   198 |   591 |  1511 |  2765 ||  5177
       Hand crossbow     |       |       |       |       |    96 ||    96
Invok: Heroism           |       |       |       |     1 |     2 ||     3
Evoke: Wand              |       |       |       |     5 |       ||     5
  Use: Scroll            |       |     7 |     9 |    10 |     6 ||    32
       Potion            |       |       |       |     2 |     1 ||     3
Armor: Robe              |     3 |       |     6 |       |       ||     9
       Acid dragon scale |       |       |       |    31 |   123 ||   154
Dodge: Dodged            |    19 |    46 |   249 |   603 |   920 ||  1837
       Repelled          |       |       |     2 |    17 |     9 ||    28
Block: Buckler           |       |       |       |       |    10 ||    10

Table legend: (Time is in decaauts)
 A = Elapsed time spent in this place.
 B = Non-inter-level travel time spent in this place.
 C = Inter-level travel time spent in this place.
 D = Time resting spent in this place.
 E = Time spent auto-exploring this place.
 F = Levels seen in this place.
 G = Mean time per level.
                   A        B        C        D        E       F      G
               +--------+--------+--------+--------+--------+-----+--------+
         Total |  39764 |  37583 |   2181 |   2799 |  24969 |  27 | 1472.7 |
       Dungeon |  26049 |  24476 |   1573 |   2387 |  16263 |  15 | 1736.6 |
        Temple |    101 |     85 |     16 |      0 |     76 |   1 |  101.0 |
          Lair |  10981 |  10489 |    492 |    332 |   6844 |   5 | 2196.2 |
         Swamp |    694 |    667 |     27 |      0 |    503 |   2 |  347.0 |
  Orcish Mines |   1349 |   1278 |     71 |      0 |    973 |   2 |  674.5 |
         Sewer |    436 |    436 |      0 |     80 |    180 |   1 |  436.0 |
      Gauntlet |    153 |    153 |      0 |      0 |    127 |   1 |  153.0 |
               +--------+--------+--------+--------+--------+-----+--------+

Top non-repeatable levels by time:
    D:13: 4073 daAuts
  Lair:5: 3766 daAuts
    D:12: 3747 daAuts
     D:8: 2934 daAuts
  Lair:4: 2453 daAuts
    D:15: 2192 daAuts
     D:7: 2174 daAuts
  Lair:3: 1835 daAuts
    D:14: 1820 daAuts
  Lair:2: 1620 daAuts
    D:10: 1594 daAuts
     D:1: 1311 daAuts
  Lair:1: 1306 daAuts
     D:4: 1165 daAuts
     D:5: 1116 daAuts
